 Dungeon Crawl Stone Soup version 0.18.1-8-gdd0e5ea (webtiles) character file.

807 zeroDi the Sneak (level 7, -1/51 HPs)
             Began as a Vine Stalker Assassin on May 21, 2016.
             Succumbed to a worker ant's poison
             ... on level 5 of the Dungeon.
             The game lasted 00:09:53 (3147 turns).

zeroDi the Sneak (Vine Stalker Assassin)            Turns: 3147, Time: 00:09:54

Health: -1/51      AC:  4    Str: 18    XL:     7   Next: 92%
Magic:  8/8        EV:  5    Int: 11    God:
Gold:   166        SH:  0    Dex: 18    Spells: 0 memorised, 6 levels left

rFire  . . .     SeeInvis .     a - +2 dagger (flame)
rCold  . . .     Gourm    .     c - +0 robe
rNeg   + . .     Faith    .     D - +18 shield of the gong {rElec rN+ MR+ EV-5}
rPois  .         Spirit   +     (no helmet)
rElec  +         Dismiss  .     d - +0 cloak
rCorr  .         Reflect  .     (no gloves)
SustAt .         Harm     .     j - +0 pair of boots
MR     +....                    (no amulet)
Stlth  ..........               (no ring)
                                (no ring)

@: confused, berserking, lethally poisoned (-1 -> -6), very quick, somewhat
resistant to hostile enchantments, extremely unstealthy
A: fangs 2, regeneration 2, magic shield, antimagic bite, no device heal 3, rot
immunity
a: no special abilities


You were on level 5 of the Dungeon.
You were not hungry.

You visited 1 branch of the dungeon, and saw 5 of its levels.

You collected 166 gold pieces.


Innate Abilities, Weirdness & Mutations

You have extremely sharp teeth.
You heal very quickly.
When hurt, damage is shared between your health and your magic reserves.
Your bite disrupts and absorbs the magic of your enemies.
Potions and wands cannot restore your health.
You are immune to rotting.


   Skills:
 - Level 1.7 Fighting
 - Level 6.7 Short Blades
 - Level 1.7 Throwing
 + Level 2.2 Dodging
 * Level 7.0 Stealth


You had 6 spell levels left.
You didn't know any spells.

Inventory:

Hand Weapons
 a - a +2 dagger of flaming (weapon)
 b - a +0 blowgun
 C - a +2 dagger
Missiles
 e - 24 poisoned needles
 f - 2 curare-tipped needles {=f}
 r - 8 javelins (quivered)
 K - 8 needles of confusion
Armour
 c - a +0 robe (worn)
 d - a +0 cloak (worn)
 j - a +0 pair of boots (worn)
 D - the +18 shield of the gong (worn) {rElec rN+ MR+ EV-5}
   (You found it on level 4 of the Dungeon)

   It affects your evasion (-5).
   It insulates you from electricity.
   It protects you from negative energy.
   It affects your resistance to hostile enchantments.
Jewellery
 y - a +6 ring of intelligence {unknown}
Wands
 G - a wand of lightning (0/15)
Scrolls
 k - 2 scrolls of recharging {unknown}
 l - 3 scrolls of identify {unknown}
 q - a scroll of amnesia {unknown}
 s - 3 scrolls of noise {!r}
 t - 4 scrolls of remove curse {unknown}
 z - a scroll of teleportation {unknown}
 B - a scroll of blinking {unknown}
 E - a scroll of fog {unknown}
 H - a scroll of enchant weapon {unknown}
Potions
 h - 2 potions of ambrosia
 m - a potion of might {unknown}
 n - a potion of magic
 o - a potion of degeneration {unknown}
 u - a potion of flight {unknown}
 v - a potion of cancellation {unknown}
 x - a potion of invisibility {unknown}
 I - a potion of resistance {unknown}
 J - a potion of curing {@q1}
Comestibles
 g - 3 bread rations
 i - a beef jerky
 w - a royal jelly
 A - a slice of pizza
 F - 2 chunks of flesh

Dungeon Overview and Level Annotations

Branches:
Dungeon (5/15)
 Temple: D:4-7

Altars:

..## ....##
#....## ##
#.....### .#
#.#.#...# .#
#........ .##
#........ #.##
##).....##
#@p###.<.......
##a5##.....o...
#####o)#.......#.
#..........op.p..
#######..######.#
##.######.#
###.....5...
#...........
#.##........


You could see a slave, a worker ant, an orc wizard and a crimson imp.


Message History

Drink which item? (? for menu, Esc to quit)
It was a potion of curing.
You feel better. The worker ant bites you.
You are lethally poisoned!
The worker ant poisons you! You block the slave's attack.
SHROANNG!
You block the worker ant's attack.
GONNNNG!
You hear a shout!
You hear a bark!
Drink which item? (? for menu, Esc to quit)
It was a potion of ambrosia.
You are confused.
You feel invigorated.
* * * LOW HITPOINT WARNING * * *
You feel sick. The slave hits you but does no damage. The worker ant bites you.
You are more poisoned.
The worker ant poisons you!
Drink which item? (? for menu, Esc to quit)
It was a potion of berserk rage.
A red film seems to cover your vision as you go berserk!
You feel yourself moving faster!
You feel mighty!
You die...

Action                   |  1- 3 |  4- 6 |  7- 9 || total
-------------------------+-------+-------+-------++-------
Melee: Dagger            |    74 |   145 |    51 ||   270
       Bite              |    14 |    41 |    18 ||    73
Evoke: Wand              |       |       |     4 ||     4
  Use: Potion            |       |       |     4 ||     4
       Scroll            |       |       |     1 ||     1
 Stab: Sleeping          |    14 |     5 |       ||    19
       Distracted        |       |     1 |       ||     1
  Eat: Chunk             |     2 |     3 |     2 ||     7
Armor: Robe              |    13 |    29 |     4 ||    46
Dodge: Dodged            |    41 |    39 |     5 ||    85
Block: Shield            |       |    41 |    49 ||    90

Vault maps used:
D:1:      evilmike_arrival_crescent
D:3:      kennysheep_six_static_rooms, minmay_gold_behind_fungi
D:5:      first_bread, uniq_menkaure, uniq_pikel, uniq_blork_the_orc,
          uniq_edmund, uniq_grinder

Notes
Turn   | Place    | Note
--------------------------------------------------------------
     0 | D:1      | zeroDi the Vine Stalker Assassin began the quest for the Orb.
     0 | D:1      | Reached XP level 1. HP: 11/11 MP: 2/2
    38 | D:1      | Reached skill level 2 in Short Blades
   237 | D:1      | Reached XP level 2. HP: 15/15 MP: 3/3
   750 | D:2      | Reached skill level 3 in Short Blades
   840 | D:2      | Reached XP level 3. HP: 18/18 MP: 4/4
  1456 | D:3      | Reached XP level 4. HP: 23/23 MP: 5/5
  1464 | D:3      | Reached skill level 4 in Short Blades
  1563 | D:3      | Noticed an ice beast
  1959 | D:3      | Reached XP level 5. HP: 24/26 MP: 6/6
  1984 | D:3      | Reached skill level 5 in Short Blades
  2455 | D:3      | Noticed zeroDi's ghost (amateur VSAs)
  2471 | D:3      | Killed zeroDi's ghost
  2471 | D:3      | Gained mutation: You heal very quickly. [Vine Stalker growth]
  2471 | D:3      | Reached XP level 6. HP: 24/30 MP: 5/7
  2664 | D:4      | Reached skill level 6 in Short Blades
  2702 | D:4      | Reached XP level 7. HP: 34/34 MP: 8/8
  2816 | D:4      | Reached skill level 5 in Stealth
  2821 | D:4      | Reached skill level 1 in Dodging
  3080 | D:5      | Entered Level 5 of the Dungeon
  3091 | D:5      | Noticed Blork the orc
  3105 | D:5      | Killed Blork the orc
  3112 | D:5      | Noticed Grinder
  3126 | D:5      | Paralysed by Grinder for 6 turns
  3140 | D:5      | Killed Grinder
  3140 | D:5      | Reached skill level 2 in Dodging
  3140 | D:5      | Reached skill level 6 in Stealth
  3141 | D:5      | Reached skill level 7 in Stealth
  3142 | D:5      | HP: 3/34 [worker ant (2)]
  3143 | D:5      | HP: 1/34 [poisoned by a worker ant]
  3147 | D:5      | Succumbed to a worker ant's poison

Vanquished Creatures
  Grinder (D:5)
  The ghost of zeroDi the Cutter, an amateur VSAs (D:3)
  Blork the orc (D:5)
  A howler monkey (D:3)
  A centaur skeleton (D:4)
  A hound (D:4)
  2 orc priests
  An iguana (D:4)
  3 orc wizards
  4 gnolls (D:4)
  4 adders
  2 oozes
  A dart slug (D:3)
  A giant gecko (D:2)
  14 orcs
  A ball python (D:4)
  6 bats
  7 giant cockroaches
  7 goblins
  6 hobgoblins
  A jackal (D:3)
  2 kobolds (D:2)
  2 quokkas (D:2)
  5 giant newts
  6 rats
81 creatures vanquished.
